 Dungeon Crawl Stone Soup version 0.26.1-2-gb8aa6d0cf2 (webtiles) character file.

Game seed: 16347294782874699555

91 manyhoops the Poker (level 4, -3/34 HPs)
             Began as a Merfolk Gladiator on Mar 28, 2021.
             Slain by an orc
             ... wielding a +0 war axe
              (6 damage)
             ... on level 3 of the Dungeon.
             The game lasted 00:03:49 (1824 turns).

manyhoops the Poker (Merfolk Gladiator)             Turns: 1824, Time: 00:03:49

Health: -3/34      AC:  4    Str: 15    XL:     4   Next: 57%
Magic:  4/4        EV: 14    Int:  7    God:
Gold:   46         SH:  0    Dex: 15    Spells: 3/3 levels left

rFire    . . .     SeeInvis .   a - +0 trident
rCold    . . .     Faith    .   (no shield)
rNeg     . . .     Spirit   .   b - +0 leather armour
rPois    .         Reflect  .   c - +0 helmet
rElec    .         Harm     .   (no cloak)
rCorr    .         Rampage  .   (no gloves)
Will     .....                  (no boots)
Stlth    ++........             (no amulet)
HPRegen  0.11/turn              (no ring)
MPRegen  0.09/turn              (no ring)

@: no status effects
A: change form in water, swift swim, stealthy swim
a: no special abilities


You were on level 3 of the Dungeon.
You visited 1 branch of the dungeon, and saw 3 of its levels.

You collected 46 gold pieces.

Inventory:

Hand Weapons
 a - a +0 trident (weapon)
Missiles
 d - 2 throwing nets (quivered)
Armour
 b - a +0 leather armour (worn)
 c - a +0 helmet (worn)
Scrolls
 f - a scroll of blinking {unknown}
 h - 3 scrolls of remove curse
 i - a scroll of teleportation
Potions
 e - a potion of curing {unknown}
 g - a potion of haste {unknown}
 j - a potion of ambrosia {unknown}
 k - a potion of lignification {unknown}
 l - 3 potions of might {unknown}


   Skills:
 + Level 2.5 Fighting
 + Level 5.7 Polearms
 + Level 2.4 Throwing
 + Level 0.9 Armour
 + Level 4.6 Dodging
 + Level 1.1 Stealth


You had 3 spell levels left.
You didn't know any spells.
Your spell library was empty.

Dungeon Overview and Level Annotations

Branches:
Dungeon (3/15)

Altars:


Message History

The orc is severely wounded.
The orc hits you with a +0 falchion.
* * * LOW HITPOINT WARNING * * *
You hit the orc.
You kill the orc!
You barely miss the orc. The orc closely misses you.
You closely miss the orc. You barely miss the orc. The orc closely misses you.
You hit the orc.
The orc is severely wounded.
The orc hits you with a +0 war axe.
* * * LOW HITPOINT WARNING * * *
You completely miss the orc.
The orc is severely wounded.
The orc hits you with a +0 war axe.
* * * LOW HITPOINT WARNING * * *
You barely miss the orc.
The orc is severely wounded.
The orc hits you with a +0 war axe.
You die...

#.##.##.# #.##.##.#
... #(##.##.# ......
#.##.##.##
######......
...#.....#
#............. ####..#
#.........<#.# ####..#
#...K........
+.....#####..........#
#####..@ow....$..^...#
#######.........####
#.............
#......$..##
#...w..?..#
#.........#
########...... ......
......


You could see a worm, an orc and a kobold (wandering).

Vanquished Creatures
  An iguana (D:1)
  A worm (D:3)
  8 orcs (D:3)
  3 bats
  3 giant cockroaches (D:1)
  6 goblins
  5 hobgoblins
  4 jackals (D:1)
  6 kobolds
  A quokka (D:2)
  4 frilled lizards
  6 rats
48 creatures vanquished.

Notes
Turn   | Place    | Note
-------+----------+-------------------------------------------
     0 | D:1      | manyhoops the Merfolk Gladiator began the quest for the
                  | Orb.
     0 | D:1      | Reached XP level 1. HP: 16/16 MP: 1/1
   163 | D:1      | Reached XP level 2. HP: 19/22 MP: 2/2
   616 | D:1      | Reached XP level 3. HP: 28/28 MP: 3/3
   618 | D:1      | Reached skill level 5 in Polearms
  1079 | D:2      | Reached XP level 4. HP: 33/34 MP: 4/4
  1213 | D:2      | Reached skill level 1 in Stealth
  1824 | D:3      | Slain by an orc

Illustrated notes

Levels and vault maps discovered:
D:1:      minmay_arrival_hallway, layout_rooms, chequers_serial_rivers_small_3
D:2:      layout_loops_ring
D:3:      layout_basic

Skill      XL: |  1  2  3  4 |
---------------+-------------+-----
Polearms       | 5 |  5.7
Stealth        | 1 |  1.1
Fighting       | |  2.5
Throwing       | |  2.4
Armour         | |  0.9
Dodging        | |  4.6

Action                   |  1- 3 |  4- 6 || total
-------------------------+-------+-------++-------
Melee: Trident           |    92 |    74 ||   166
Throw: Throwing net      |     1 |       ||     1
  Use: Scroll            |       |     2 ||     2
 Stab: Sleeping          |     2 |       ||     2
Armor: Leather armour    |    27 |     8 ||    35
Dodge: Dodged            |    82 |    34 ||   116
